 Dungeon Crawl Stone Soup version 0.13.0-26-gf7ffa3a (webtiles) character file.

130 Kae the Firebug (level 3, 0/19 HPs)
             Began as a Tengu Fire Elementalist on Oct 31, 2013.
             Slain by a worm (10 damage)
             ... on Level 2 of the Dungeon.
             The game lasted 00:02:07 (973 turns).

Kae the Firebug (Tengu Fire Elementalist)            Turns: 973, Time: 00:02:07

HP   0/19        AC  2     Str  8      XL: 3   Next: 60%
MP   0/7         EV 12     Int 16      God:
Gold 86          SH  0     Dex 14      Spells:  2 memorised,  3 levels left

Res.Fire  : . . .   See Invis. : .   l - +4,+2 elf spear
Res.Cold  : . . .   Warding    : .   a - +0 robe
Life Prot.: . . .   Conserve   : .   (no shield)
Res.Poison: .       Res.Corr.  : .   (helmet restricted)
Res.Elec. : .       Clarity    : .   (no cloak)
Sust.Abil.: . .     Spirit.Shd : .   (no gloves)
Res.Mut.  : .       Stasis     : .   (boots unavailable)
Res.Rott. : .       Flight     : .   (no amulet)
Saprovore : . . .                    (no ring)
                                     (no ring)

@: not resistant to hostile enchantments, fairly stealthy
A: beak, talons 3
a: no special abilities


You were on level 2 of the Dungeon.
You were not hungry.

You visited 1 branch of the dungeon, and saw 2 of its levels.

You collected 66 gold pieces.

Inventory:

Hand weapons
 l - a +4,+2 elven spear (weapon)
Armour
 a - a +0 robe (worn)
Comestibles
 c - 2 bread rations
 f - an apple
Scrolls
 e - a scroll of remove curse {unknown}
 g - a scroll of identify {unknown}
 h - 2 scrolls of noise {unknown}
 n - a scroll of fear {unknown}
Jewellery
 k - an uncursed amulet of resist corrosion {unknown}
Potions
 d - a potion of might {unknown}
 i - a potion of curing {unknown}
 j - a potion of brilliance {unknown}
 m - a potion of invisibility {unknown}
Books
 b - a book of Flames

   Spells                             Type                      Level
   *Flame Tongue                      Conjuration/Fire             1
   *Throw Flame                       Conjuration/Fire             2
   Conjure Flame                      Conjuration/Fire             3
   Inner Flame                        Hexes/Fire                   3
   Sticky Flame                       Conjuration/Fire             4
   Fireball                           Conjuration/Fire             5


   Skills:
 - Level 2.1 Dodging
 - Level 2.0 Stealth
 + Level 2.0 Spellcasting
 + Level 2.1 Conjurations
 * Level 4.1 Fire Magic


You had 3 spell levels left.
You knew the following spells:

 Your Spells              Type           Power        Failure   Level  Hunger
a - Flame Tongue          Conj/Fire      ##...        8%          1    #......
b - Throw Flame           Conj/Fire      ##....       10%         2    ###....


Dungeon Overview and Level Annotations

Branches:
Dungeon (2/27)

Altars:
Yredelemnul


Innate Abilities, Weirdness & Mutations

You have a beak for a mouth.
You have claws for feet.


Message History

Confirm with . or Enter, or press ? or * to list all spells.
Aiming: Flame Tongue
Press: ? - help, Shift-Dir - straight line, f/p - worm
Aim: a worm (severely wounded)
The flame hits the worm.
The worm is almost dead.
Casting: Flame Tongue
Confirm with . or Enter, or press ? or * to list all spells.
You don't have enough magic to cast that spell.
Casting: Flame Tongue
Confirm with . or Enter, or press ? or * to list all spells.
You don't have enough magic to cast that spell.
Casting: Flame Tongue
Confirm with . or Enter, or press ? or * to list all spells.
You don't have enough magic to cast that spell.
You barely miss the worm. You peck the worm.
The worm is almost dead.
The worm bites you!
Ouch! That really hurt!
You die...

###############
#...w@........####
#.####...........# #.#
#.######.##.#
#####.####.#.......#.#
#............####..#.#
#...............#..#.#
#...........##.##..#.#####
#.....)............#......
#####.########.#...#......


You could see a worm.

Vanquished Creatures
  An adder (D:2)
  3 ball pythons
  7 bats
  A giant cockroach (D:1)
  4 goblins
  5 hobgoblins
  2 jackals (D:1)
  2 kobolds
  4 giant newts
  7 rats
36 creatures vanquished.

Notes
Turn   | Place    | Note
--------------------------------------------------------------
     0 | D:1      | Kae, the Tengu Fire Elementalist, began the quest for the Orb.
     0 | D:1      | Reached XP level 1. HP: 10/10 MP: 3/3
   115 | D:1      | Reached XP level 2. HP: 15/15 MP: 3/5
   504 | D:1      | Reached XP level 3. HP: 16/19 MP: 7/7
   663 | D:2      | Learned a level 2 spell: Throw Flame
   794 | D:2      | Reached skill level 4 in Fire Magic
   912 | D:2      | Found a basalt altar of Yredelemnul.
   973 | D:2      | Slain by a worm

Action                   || total
-------------------------++-------
Melee: Unarmed           ||    47
       Spear             ||     5
 Cast: Flame Tongue      ||    41
 Stab: Sleeping          ||     2
